 Dungeon Crawl Stone Soup version 0.26-a0-665-gefeb406 (webtiles) character file.

Game seed: 16813246631218943462

15257 Mopster the Cleaver (level 11, -5/101 (102) HPs)
             Began as a Minotaur Berserker on Oct 15, 2020.
             Was a High Priest of Trog.
             Engulfed by an ice statue's freezing vapour (17 damage)
             ... in an ice cave.
             The game lasted 01:23:09 (11353 turns).

Mopster the Cleaver (Minotaur Berserker)           Turns: 11353, Time: 01:23:09

HP:   -5/101 (102)  AC: 16    Str: 24    XL:     11   Next: 99%
MP:   10/10         EV: 12    Int:  4    God:    Trog [*****.]
Gold: 844           SH:  0    Dex: 11    Spells: 10/10 levels left

rFire    . . .     SeeInvis .   i - +2 executioner's axe (venom)
rCold    . . .     Faith    .   (shield currently unavailable)
rNeg     . . .     Spirit   .   d - +0 shadow dragon scales
rPois    .         Reflect  .   (helmet restricted)
rElec    .         Harm     .   q - +0 cloak
rCorr    .         Rampage  .   (no gloves)
MR       +....                  (no boots)
Stlth    ++++......             l - amulet of regeneration
HPRegen  0.66/turn              x - ring of stealth
MPRegen  0.12/turn              t - ring of protection from magic

@: no status effects
A: retaliatory headbutt, horns 2
a: Berserk, Trog's Hand, Brothers in Arms, Renounce Religion


You were in an ice cave.
You worshipped Trog.
Trog was extremely pleased with you.
You visited 2 branches of the dungeon, and saw 12 of its levels.
You also visited: Ice Cave.

You collected 844 gold pieces.

Inventory:

Hand Weapons
 i - a +2 executioner's axe of venom (weapon)
 G - the +2 long sword of the Final Decision {vorpal, Dex+3}
   (You found it on level 8 of the Dungeon)

   It inflicts extra damage upon your enemies.
   It affects your dexterity (+3).
 I - a +2 battleaxe of flaming
Armour
 d - +0 shadow dragon scales (worn)
 q - a +0 cloak (worn)
 w - a +0 chain mail
 z - a +0 tower shield
 M - a +0 ring mail
Jewellery
 c - an uncursed amulet of faith
 f - a +6 ring of dexterity
 l - an amulet of regeneration (around neck)
 t - a ring of protection from magic (right hand)
 x - a ring of stealth (left hand)
 A - a +6 ring of dexterity
 H - an uncursed amulet of reflection
 L - an uncursed ring of protection from fire
Wands
 b - a wand of iceblast (12)
 p - a wand of disintegration (13)
 r - a wand of random effects (23)
Scrolls
 a - 2 scrolls of fear
 j - 4 scrolls of enchant armour
 k - 3 scrolls of remove curse
 o - 2 scrolls of fog
 y - 2 scrolls of enchant weapon
 B - a scroll of holy word
 C - 3 scrolls of teleportation
 J - 4 scrolls of identify
Potions
 e - 8 potions of curing
 g - 4 potions of mutation
 h - 3 potions of ambrosia
 m - a potion of berserk rage
 n - a potion of invisibility {unknown}
 s - a potion of cancellation {unknown}
 u - 3 potions of flight
 v - 3 potions of might
 D - a potion of haste {unknown}
 E - a potion of heal wounds {unknown}


   Skills:
 * Level 11.4 Fighting
 + Level 14.8 Axes
 + Level 10.1 Armour
 * Level 7.6 Dodging
 - Level 1.2 Stealth
 + Level 5.9 Shields


You had 10 spell levels left.
You didn't know any spells.
Your spell library contained the following spells:

 Spells                   Type           Power        Failure   Level
 Animate Skeleton         Necr           #.....       97%         1
 Apportation              Tloc           #.....       97%         1
 Corona                   Hex            #......      97%         1
 Foxfire                  Conj/Fire      #...         97%         1
 Shock                    Conj/Air       #...         97%         1
 Summon Small Mammal      Summ           #...         97%         1
 Swiftness                Air            #.......     99%         2
 Confusing Touch          Hex            #.......     100%        3
 Conjure Flame            Conj/Fire      #.......     100%        3
 Gell's Gravitas          Tloc           #.........   100%        3
 Inner Flame              Hex/Fire       #.......     100%        3
 Static Discharge         Conj/Air       #.......     100%        3
 Airstrike                Air            #.........   100%        4
 Petrify                  Tmut/Erth      #.......     100%        4
 Sticky Flame             Conj/Fire      #.......     100%        4
 Fireball                 Conj/Fire      #.........   100%        5
 Lightning Bolt           Conj/Air       #.........   100%        5
 Metabolic Englaciation   Hex/Ice        #.........   100%        5
 Yara's Violent Unravell  Hex/Tmut       #.........   100%        5


Dungeon Overview and Level Annotations

Branches:
Dungeon (10/15)            Temple (0/1) D:4            Lair (2/6) D:9
    Orc (0/2) D:10          IceCv (1/1)
  Swamp: Lair:2-4    Shoals: Lair:2-4     Snake: Lair:2-4    Spider: Lair:2-4

Altars:
The Shining One
Jiyva

Shops:
D:6 [

Annotations:
D:4 2 transporters, Gigglenaut's ghost, amateur DsIE IceCv exclusion: 2 ice statues


Innate Abilities, Weirdness & Mutations

You reflexively headbutt those who attack you in melee.
You have a pair of horns on your head.


Message History

You slash the ice statue! You headbutt the ice statue.
The ice statue is moderately damaged.
The ice statue gestures at you. The freezing blast engulfs you!!
You slice the ice statue!!
The ice statue is heavily damaged.
You are engulfed in freezing vapours.
The ice statue gestures.
You hit the ice statue.
The ice statue is heavily damaged.
You are engulfed in freezing vapours.
The ice statue gestures at you. The freezing blast engulfs you!!
You are engulfed in freezing vapours.
* * * LOW HITPOINT WARNING * * *
You are engulfed in freezing vapours.
* * * LOW HITPOINT WARNING * * *
Your two-headed ogre goes berserk!
You are engulfed in freezing vapours.
You die...

#...## ####.### ##...#
###......##
##...#####...#.##..#
##....#.#...#####.##.
#...#..#..### ##...
#..####.### #..##
##..##### ##.#. ##..# #...
####.@#### ####
##8#Y..°#8##
##....O....○###
##.......°°○...#
*#..............###
*.................#
*................### ###
*#..............#..#####.#
##...........####...#..#.


You could see an ice beast (summoned) and a friendly two-headed ogre (summoned,
berserk).

Vanquished Creatures
  A hydra (Lair:1)
  Erica (D:8)
  2 two-headed ogres
  A centaur zombie (D:10)
  Joseph (D:8)
  A black mamba (Lair:1)
  4 cane toads (Lair:1)
  A rime drake (IceCv)
  4 komodo dragons (Lair:1)
  2 trolls
  A polar bear (Lair:1)
  A vampire (D:10)
  5 yaks (D:10)
  A warg (D:10)
  A water moccasin (Lair:2)
  6 orc warriors
  9 black bears
  12 ice beasts
  4 sky beasts
  An ogre (D:5)
  3 necrophages
  A phantom (D:8)
  11 wolves (Lair:1)
  2 centaurs
  4 big kobolds
  10 bullfrogs
  4 scorpions
  A wyvern skeleton (D:6)
  2 bullfrog zombies
  3 hounds
  5 jellies
  A bullfrog skeleton (D:9)
  8 orc priests
  A centaur skeleton (D:10)
  Crazy Yiuf (D:2)
  5 iguanas
  16 orc wizards
  Natasha (thrice) (D:3)
  2 worker ants
  3 hound skeletons
  13 gnolls
  A worker ant zombie (D:7)
  15 adders
  A shadow imp (D:5)
  9 white imps
  3 ufetubi
  2 oozes
  An adder zombie (D:6)
  5 worms
  A dart slug (D:1)
  8 leopard geckos
  48 orcs
  7 giant cockroaches
  12 goblins
  11 hobgoblins
  10 jackals
  3 quokkas
  2 ball pythons
  10 bats
  3 frilled lizards
  A jackal skeleton (D:6)
  18 kobolds
  3 leopard gecko skeletons
  5 rats
337 creatures vanquished.

Vanquished Creatures (collateral kills)
  A rime drake (IceCv)
  An ice beast (IceCv)
  9 white imps (Lair:2)
11 creatures vanquished.

Vanquished Creatures (others)
  A frilled lizard (D:3)
  35 fungi
  37 plants
73 creatures vanquished.

Grand Total: 421 creatures vanquished

Notes
Turn   | Place    | Note
-------+----------+-------------------------------------------
     0 | D:1      | Mopster the Minotaur Berserker began the quest for the Orb.
     0 | D:1      | Reached XP level 1. HP: 19/19 MP: 0/0
   247 | D:1      | Reached skill level 4 in Axes
   247 | D:1      | Reached XP level 2. HP: 25/27 MP: 1/1
   701 | D:2      | Reached XP level 3. HP: 30/33 MP: 2/2
   705 | D:2      | Reached ** piety under Trog
  1441 | D:2      | Reached skill level 5 in Axes
  1458 | D:2      | Reached XP level 4. HP: 41/41 MP: 3/3
  1621 | D:2      | Found a runed translucent door.
  1622 | D:2      | Noticed Crazy Yiuf
  1628 | D:2      | Killed Crazy Yiuf
  1885 | D:3      | Reached XP level 5. HP: 46/47 MP: 4/4
  2031 | D:3      | Noticed Natasha
  2034 | D:3      | Killed Natasha
  2077 | D:3      | Reached skill level 6 in Axes
  2081 | D:3      | Reached XP level 6. HP: 54/55 MP: 5/5
  2099 | D:3      | Noticed Natasha
  2102 | D:3      | Killed Natasha
  2161 | D:3      | Noticed Natasha
  2163 | D:3      | Killed Natasha
  2163 | D:3      | Reached skill level 5 in Fighting
  2850 | D:4      | Noticed Gigglenaut's ghost (amateur DsIE)
  2851 | D:4      | Found a transporter.
  2855 | D:4      | Found a transporter.
  3110 | D:4      | Reached skill level 1 in Stealth
  3125 | D:4      | Reached *** piety under Trog
  3183 | D:4      | Found a staircase to the Ecumenical Temple.
  3270 | D:4      | Reached skill level 7 in Axes
  3270 | D:4      | Reached XP level 7. HP: 61/61 MP: 6/6
  3732 | D:5      | Entered Level 5 of the Dungeon
  3798 | D:5      | Reached skill level 5 in Armour
  3798 | D:5      | Reached skill level 1 in Shields
  4068 | D:5      | Reached skill level 8 in Axes
  4219 | D:5      | Reached XP level 8. HP: 63/70 MP: 7/7
  4465 | D:5      | Reached **** piety under Trog
  4571 | D:6      | Found Weah's Armour Shoppe.
  4957 | D:6      | Reached skill level 9 in Axes
  5512 | D:7      | Reached skill level 10 in Axes
  5781 | D:7      | Reached XP level 9. HP: 78/78 MP: 8/8
  6289 | D:8      | Noticed a two-headed ogre
  6307 | D:8      | Killed a two-headed ogre
  6307 | D:8      | Reached skill level 11 in Axes
  6405 | D:8      | Noticed Erica
  6527 | D:8      | Killed Erica
  6527 | D:8      | Reached skill level 5 in Shields
  6768 | D:8      | Noticed Joseph
  6779 | D:8      | Killed Joseph
  6779 | D:8      | Reached XP level 10. HP: 88/88 MP: 9/9
  6784 | D:8      | Reached skill level 12 in Axes
  6830 | D:8      | Got a masterwork long sword
  6835 | D:8      | Identified the +2 long sword of the Final Decision {vorpal,
                  | Dex+3} (You found it on level 8 of the Dungeon)
  6837 | D:8      | Identified a scroll of acquirement
  6842 | D:8      | Acquired a +2 executioner's axe of venom
  6996 | D:8      | Found a viscous altar of Jiyva.
  7232 | D:9      | Reached ***** piety under Trog
  7417 | D:9      | Found a staircase to the Lair.
  7422 | D:9      | Reached skill level 5 in Dodging
  7465 | D:9      | Noticed a two-headed ogre
  7496 | D:9      | Killed a two-headed ogre
  8035 | D:9      | Found a glowing golden altar of the Shining One.
  8365 | D:10     | Entered Level 10 of the Dungeon
  8521 | D:10     | Received a gift from Trog
  8567 | D:10     | Reached skill level 13 in Axes
  9008 | D:10     | Reached XP level 11. HP: 98/98 MP: 10/10
  9021 | D:10     | Reached skill level 10 in Fighting
  9052 | D:10     | Found a staircase to the Orcish Mines.
  9510 | Lair:1   | Entered Level 1 of the Lair of Beasts
  9831 | Lair:1   | Reached skill level 14 in Axes
  9865 | Lair:1   | Noticed a six-headed hydra
 10098 | Lair:1   | Killed a three-headed hydra
 10757 | Lair:2   | Found a frozen archway.
 10852 | IceCv    | Entered an ice cave
 10861 | IceCv    | Reached skill level 10 in Armour
 11353 | IceCv    | Engulfed by an ice statue's freezing vapour

Illustrated notes

Levels and vault maps discovered:
D:1:      dpeg_arrival_round_b, layout_rooms
D:2:      layout_loops_corners, uniq_crazy_yiuf_cottage
D:3:      layout_basic, uniq_natasha
D:4:      layout_cave_pods, minmay_temple_entry_statues, gammafunk_ghost_smash
D:5:      layout_basic, lexackson_kobold_supper
D:6:      layout_gridville, serial_shops, shop
D:7:      layout_loops_ring, hangedman_decor_slide_cut
D:8:      layout_basic, serial_rivers, chequers_serial_rivers_micro_b,
          chequers_serial_rivers_micro_d, chequers_serial_rivers_room_b,
          chequers_serial_rivers_small_a, jiyva_altar_1, uniq_erica, uniq_joseph
D:9:      layout_long_grid, nicolae_tso_carved_into_rock,
          grunt_lair_entry_orc_guard_hut
D:10:     layout_roguey, erik_orc_4
Lair:1:   layout_regular_city, beast_lair_carwin_7
Lair:2:   minmay_lair_oklob_tunnel, layout_hall_layers,
          portal_ice_cave_entry_imps, chequers_serial_rivers_small_b
IceCv:    ice_cave_small_dragons

Skill      XL: |  1  2  3  4  5  6  7  8  9 10 11 |
---------------+----------------------------------+-----
Axes           | 4 5 6 7 8 10 11 13 14 | 14.8
Fighting       | 4 5 6 8 9 11 | 11.4
Armour         | 3 4 5 6 8 9 10 | 10.1
Dodging        | 3 4 6 7 |  7.6
Stealth        | 1 |  1.2
Shields        | 2 3 5 |  5.9

Action                   |  1- 3 |  4- 6 |  7- 9 | 10-12 || total
-------------------------+-------+-------+-------+-------++-------
Melee: Hand axe          |    66 |   136 |    88 |       ||   290
       Headbutt          |    10 |    33 |    68 |    73 ||   184
       War axe           |       |       |   183 |    15 ||   198
       Executioner's axe |       |       |       |   293 ||   293
       Battleaxe         |       |       |       |     3 ||     3
Throw: Throwing net      |       |       |       |     2 ||     2
Invok: Berserk           |     1 |     4 |    11 |    17 ||    33
       Trog's Hand       |       |       |     2 |     1 ||     3
       Brothers in Arms  |       |       |       |     3 ||     3
Evoke: Wand              |       |       |       |     1 ||     1
  Use: Scroll            |     6 |       |     2 |    14 ||    22
       Potion            |     2 |       |       |       ||     2
 Stab: Sleeping          |       |       |     7 |     9 ||    16
Armor: Animal skin       |     7 |       |       |       ||     7
       Ring mail         |    19 |    38 |    19 |       ||    76
       Chain mail        |       |       |     4 |       ||     4
       Shadow dragon sca |       |       |    66 |   173 ||   239
Dodge: Dodged            |    44 |    67 |    57 |   164 ||   332
Block: Kite shield       |       |    14 |    72 |       ||    86
       Tower shield      |       |       |    29 |     7 ||    36
       Other             |       |       |       |    16 ||    16
       Reflection        |       |       |       |     2 ||     2

Table legend: (Time is in decaauts)
 A = Elapsed time spent in this place.
 B = Non-inter-level travel time spent in this place.
 C = Inter-level travel time spent in this place.
 D = Time resting spent in this place.
 E = Time spent auto-exploring this place.
 F = Levels seen in this place.
 G = Mean time per level.
                   A        B        C        D        E       F      G
               +--------+--------+--------+--------+--------+-----+--------+
         Total |  11765 |   8481 |   3284 |   1131 |   4139 |  13 |  905.0 |
       Dungeon |   9934 |   7133 |   2801 |    884 |   3922 |  10 |  993.4 |
          Lair |   1304 |    821 |    483 |    123 |    167 |   2 |  652.0 |
      Ice Cave |    526 |    526 |      0 |    123 |     49 |   1 |  526.0 |
               +--------+--------+--------+--------+--------+-----+--------+

Top non-repeatable levels by time:
     D:9: 1431 daAuts
  Lair:1: 1200 daAuts
    D:10: 1170 daAuts
     D:4: 1087 daAuts
     D:2: 1027 daAuts
     D:3: 1001 daAuts
     D:8: 995 daAuts
     D:5: 855 daAuts
     D:7: 840 daAuts
     D:6: 833 daAuts
     D:1: 692 daAuts
   IceCv: 526 daAuts
  Lair:2: 103 daAuts
